 Dungeon Crawl Stone Soup version 0.27.1-2-g3b301248ec (webtiles) character file.

Game seed: 13015349274688618107

152 MajorAdolf the Sneak (level 5, -3/51 HPs)
             Began as a Naga Wanderer on Sept 27, 2021.
             Slain by Grinder (8 damage)
             ... on level 3 of the Dungeon on Sept 28, 2021.
             The game lasted 00:08:14 (4204 turns).

MajorAdolf the Sneak (Naga Wanderer)                Turns: 4204, Time: 00:08:15

Health: -3/51      AC:  2    Str: 13    XL:     5   Next: 34%
Magic:  5/5        EV:  9    Int: 11    God:
Gold:   139        SH:  5    Dex: 14    Spells: 4/4 levels left

rFire    . . .     SeeInvis +   h - +9 club
rCold    . . .     Faith    .   (no shield)
rNeg     . . .     Spirit   .   d - +0 robe
rPois    +         Reflect  +   (no helmet)
rElec    .         Harm     .   (no cloak)
rCorr    .         Rampage  .   (no gloves)
Will     .....                  (no barding)
Stlth    +++.......             k - amulet of reflection
HPRegen  0.17/turn              s - ring of flight
MPRegen  0.09/turn              (no ring)

@: flying, very slow
A: AC +1, large, see invisible, deformed body, poison resistance, slowness 2,
spit poison 1, naga tail 1
a: Spit Poison


You were on level 3 of the Dungeon.
You visited 1 branch of the dungeon, and saw 4 of its levels.

You collected 139 gold pieces.

Inventory:

Hand Weapons
 a - a +0 club
 g - a +0 dagger
 h - a +9 club (weapon)
 l - a +0 hunting sling
Missiles
 i - 11 poisoned darts
 m - 75 stones
Armour
 d - a +0 robe (worn)
Jewellery
 k - an amulet of reflection (around neck)
 s - a ring of flight (left hand)
Scrolls
 f - a scroll of identify
 j - a scroll of immolation
 n - a scroll of fog
 r - 2 scrolls of teleportation {unknown}
 u - a scroll of magic mapping {unknown}
Potions
 b - 3 potions of lignification
 c - 2 potions of curing
 e - 2 potions of heal wounds
 o - a potion of resistance
 p - 2 potions of might {unknown}
 q - a potion of berserk rage {unknown}
 t - a potion of invisibility {unknown}


   Skills:
 + Level 4.8 Fighting
 - Level 1.0 Dodging
 + Level 4.9 Stealth
 - Level 1.6 Shields
 - Level 4.0 Unarmed Combat


You had 4 spell levels left.
You didn't know any spells.
Your spell library contained the following spells:

 Spells                   Type           Power      Damage    Failure   Level
 Animate Skeleton         Necr           0%         N/A       34%         1
 Pain                     Necr           0%         1d4       34%         1
 Shock                    Conj/Air       0%         1d3       34%         1
 Slow                     Hex            0%         N/A       47%         2
 Confusing Touch          Hex            0%         N/A       71%         3
 Swiftness                Air            0%         N/A       71%         3
 Vampiric Draining        Necr           0%         2d6       71%         3
 Airstrike                Air            0%         N/A       98%         4


Dungeon Overview and Level Annotations

Branches:
Dungeon (4/15)
 Temple: D:4-7

Altars:

Annotations:
D:3 1 runed translucent door, Crazy Yiuf, Grinder


Innate Abilities, Weirdness & Mutations

Your serpentine skin is tough. (AC +1)
You have supernaturally acute eyesight. (SInv)
Armour fits poorly on your strangely shaped body.
Your system is resistant to poisons. (rPois)
You cover ground very slowly.
You can spit poison.
You have a snake-like lower body.


Message History

You kill the adder!
No target in view!
You start resting.
HP restored.
m - 75 stones (gained 3)
Things that are here:
a +0 short sword; a kobold corpse Unknown command.
Grinder is nearby!
Grinder is nearby!
You barely miss Grinder.
Grinder shouts!
Grinder hits you but does no damage.
Grinder says, "I used to sell toenails on the black market."
Grinder drinks a potion.
Grinder suddenly seems more resistant.
You sock Grinder!
Grinder is moderately wounded.
Grinder gestures at you.
You suddenly lose the ability to move!
Grinder gestures at you. You resist with some effort. Grinder hits you!
You writhe in agony.
Grinder gestures at you.
You shrug off the repeated paralysis!
Grinder hits you!
You writhe in agony.
Grinder hits you!
* * * LOW HITPOINT WARNING * * *
You writhe in agony.
* * * LOW HITPOINT WARNING * * *
You can move again.
You barely miss Grinder.
Grinder is moderately wounded.
Grinder gestures at you. Pain shoots through your body!
* * * LOW HITPOINT WARNING * * *
Unknown command.
You hit Grinder.
Grinder is moderately wounded.
Grinder hits you!
You die...

..# #.# #(.....##.######.
..# #.## #.##'#.##........
..# #..# #..#.#.##.....##.
..# ##.###......#.........
..# #..##..#.###.#.#####.
..# ##.##..#.....#.# #. .(#
#..#..#...#.### #. ..#
##.#..#.###.#######. ###
##.@....###.#....##. .
#.#5..#............. .?
#...>...#####.##.##. ..5
#.#####...^......... ....
#...........####.... .....
#.#######...######..
......##.#######...........
............##.....######..
......##.#####.##### #..


You could see Grinder (resistant).

Vanquished Creatures
  Jessica (D:3)
  A gnoll (D:3)
  4 adders
  3 dart slugs
  5 ball pythons
  9 bats
  7 endoplasms
  5 giant cockroaches
  8 goblins
  5 hobgoblins
  4 jackals (D:1)
  2 quokkas
  3 frilled lizards
  5 kobolds
  9 rats
71 creatures vanquished.

Notes
Turn   | Place    | Note
-------+----------+-------------------------------------------
     0 | D:1      | MajorAdolf the Naga Wanderer began the quest for the Orb.
     0 | D:1      | MajorAdolf set off with the following items: a +0 club, a
                  | potion of lignification, a potion of curing, a +0 robe, 2
                  | potions of heal wounds
     0 | D:1      | Reached XP level 1. HP: 21/21 MP: 1/1
   377 | D:1      | Reached XP level 2. HP: 28/28 MP: 2/2
   526 | D:1      | Reached skill level 1 in Stealth
  1039 | D:1      | Reached XP level 3. HP: 36/36 MP: 3/3
  2220 | D:2      | Reached XP level 4. HP: 44/44 MP: 4/4
  2235 | D:2      | Found a faded altar of an unknown god.
  2602 | D:2      | HP: 2/44 [adder (3)]
  3623 | D:3      | Noticed Jessica
  3624 | D:3      | Killed Jessica
  3625 | D:3      | Reached XP level 5. HP: 51/51 MP: 5/5
  3707 | D:3      | Found a runed translucent door.
  3708 | D:3      | Noticed Crazy Yiuf
  3899 | D:3      | Noticed Grinder
  4197 | D:3      | Paralysed by Grinder for 6 turns
  4204 | D:3      | Slain by Grinder

Illustrated notes

Levels and vault maps discovered:
D:1:      tarquinn_simple_flora_water_b, layout_basic, minmay_strange_pillars,
          minmay_pentomino_s4
D:2:      layout_basic, dreamdust_ecumenical_altar_statues, serial_forest,
          infiniplex_forest_straight_3, infiniplex_forest_corner_1,
          infiniplex_forest_clump_long, infiniplex_forest_lined_corner,
          infiniplex_forest_clump_long, infiniplex_forest_straight_2,
          infiniplex_forest_lined_room_2, infiniplex_forest_clump_tiny,
          infiniplex_forest_lined_3_way, infiniplex_forest_clump_large
D:3:      layout_basic, mainiacjoe_overflow_brackets, glass_columns_a,
          minivault_23, uniq_jessica, uniq_grinder, uniq_crazy_yiuf_cottage
D:4:      layout_gridville, serial_shops, shop,
          nicolae_shop_competitors_out_of_business, nicolae_shop_statue_plus,
          nicolae_shop_crystal, hellmonk_ghost_happy_afterlife

Skill      XL: |  1  2  3  4 |
---------------+-------------+-----
Stealth        | 1 3 4 |  4.9
Fighting       | 4 |  4.8
Dodging        | |  1.0
Shields        | |  1.6
Unarmed Combat | |  4.0

Action                   |  1- 3 |  4- 6 || total
-------------------------+-------+-------++-------
Melee: Club              |    16 |    16 ||    32
       Dagger            |    34 |    22 ||    56
       Punch             |     2 |       ||     2
 Fire: Hunting sling     |     4 |    55 ||    59
 Abil: Spit Poison       |    45 |    14 ||    59
  Use: Scroll            |       |     3 ||     3
       Potion            |       |     1 ||     1
 Stab: Sleeping          |     1 |     1 ||     2
Armor: Robe              |    16 |    30 ||    46
Dodge: Dodged            |    38 |    19 ||    57
Block: Other             |     8 |    14 ||    22
       Reflection        |       |     1 ||     1
